 Dungeon Crawl Stone Soup version 0.20.1-1-g8b1a95d (webtiles) character file.

423222 StormFighter the Executioner (level 23, -3/160 HPs)
             Began as a Gargoyle Berserker on July 13, 2017.
             Was the Champion of Trog.
             Splashed by a tengu reaver's acid (8 damage)
             ... on level 5 of the Vaults on July 14, 2017.
             The game lasted 02:04:10 (45991 turns).

StormFighter the Executioner (Gargoyle Berserker)  Turns: 45991, Time: 02:04:11

Health: -3/160     AC: 45    Str: 31    XL:     23   Next: 75%
Magic:  0/23       EV: 20    Int:  8    God:    Trog [******]
Gold:   2403       SH:  0    Dex: 14    Spells: 22/22 levels left

rFire    + . .     SeeInvis .   a - +7 executioner's axe (freeze)
rCold    + + .     Gourm    .   (shield currently unavailable)
rNeg     + + .     Faith    .   L - +3 plate armour {rC+}
rPois    ∞         Spirit   +   V - +0 helmet of Dithmenos's Wrath {rC+ Dex+5}
rElec    +         Reflect  .   K - +2 cloak {+Inv}
rCorr    .         Harm     .   Q - +1 pair of gloves {Str+3}
MR       +++++                  y - +1 pair of boots
Stlth    ..........             B - amulet of Fun {Spirit rN+ MR++ Int-3 Stlth+}
Regen    1.4/turn               q - ring of protection from fire
MPRegen  0.2/turn               D - +5 ring of evasion

@: marked, corroded, regenerating
A: big wings, negative energy resistance 1, electricity resistance, unbreathing,
petrification resistance, rot immunity, AC +17
}: 2/15 runes: decaying, serpentine
a: Fly, Berserk, Trog's Hand, Brothers in Arms, Burn Spellbooks, Renounce
Religion, Evoke Invisibility


You were on level 5 of the Vaults.
You worshipped Trog.
Trog was exalted by your worship.
You were full.

You visited 7 branches of the dungeon, and saw 39 of its levels.
You visited 2 bazaars.
You also visited: Labyrinth and Sewer.

You collected 5469 gold pieces.
You spent 3066 gold pieces at shops.

Inventory:

Hand Weapons
 a - a +7 executioner's axe of freezing (weapon)
 b - a +4 morningstar of venom
Missiles
 t - 8 throwing nets (quivered)
Armour
 y - a +1 pair of boots (worn)
 J - the +0 helmet of Mezcal {Str+5}
   (You found it on level 7 of the Dungeon)

   It affects your strength (+5).
 K - a +2 cloak of invisibility (worn)
 L - a +3 plate armour of cold resistance (worn)
 Q - a +1 pair of gloves of strength (worn)
 V - the +0 helmet of Dithmenos's Wrath (worn) {rC+ Dex+5}
   (You acquired it on level 2 of the Vaults)

   It affects your dexterity (+5).
   It protects you from cold.
Jewellery
 q - a ring of protection from fire (left hand)
 u - the amulet of Vitality {Regen+ HP+15}
   (You bought it in a shop in a bazaar)

   [amulet of regeneration]

   It affects your health (+15).
   It increases your rate of regeneration.
 B - the amulet of Fun (around neck) {Spirit rN+ MR++ Int-3 Stlth+}
   (You found it on level 5 of the Lair of Beasts)

   [amulet of guardian spirit]

   It causes incoming damage to be split between your health and magic.
   It affects your intelligence (-3).
   It protects you from negative energy.
   It affects your resistance to hostile enchantments.
   It makes you more stealthy.
 D - a +5 ring of evasion (right hand)
 G - an uncursed ring of see invisible
 R - a +2 amulet of reflection
 U - the ring "Wiume" {rPois rN+ MP+9 Dex+5}
   (You found it on level 9 of the Dungeon)

   [ring of magical power]

   It affects your dexterity (+5).
   It protects you from poison.
   It protects you from negative energy.
   It affects your magic capacity (+9).
Wands
 O - a wand of acid (12/15)
 T - a wand of digging (8/24)
 X - a wand of confusion (21/48)
Scrolls
 g - 16 scrolls of remove curse
 i - 5 scrolls of identify
 m - 11 scrolls of teleportation
 p - 4 scrolls of enchant weapon
 r - 4 scrolls of fog
 s - 9 scrolls of recharging
 x - a scroll of brand weapon
 z - 2 scrolls of fear
 C - a scroll of magic mapping
 F - 8 scrolls of enchant armour
 H - a scroll of noise
 M - a scroll of holy word
 W - 3 scrolls of blinking
 Z - a scroll of silence
Potions
 d - 12 potions of agility
 e - 6 potions of lignification
 h - 3 potions of invisibility
 j - 5 potions of cancellation
 k - 18 potions of curing
 n - 11 potions of haste
 v - 6 potions of might
 w - 4 potions of resistance
 E - 4 potions of brilliance
 I - 8 potions of mutation
 N - 9 potions of heal wounds
 P - 2 potions of magic
 Y - a potion of berserk rage
Miscellaneous
 l - a lamp of fire
 S - 5 boxes of beasts
Comestibles
 c - 25 bread rations
 f - 14 meat rations


   Skills:
 + Level 21.3 Fighting
 + Level 24.7 Axes
 + Level 17.9 Armour
 + Level 11.4 Dodging


You had 22 spell levels left.
You didn't know any spells.

Dungeon Overview and Level Annotations

Branches:
Dungeon (15/15)            Temple (0/1) D:4            Lair (6/6) D:10
  Swamp (4/4) Lair:4        Snake (4/4) Lair:3        Slime (0/5) Lair:5
    Orc (2/2) D:12            Elf (3/3) Orc:2        Vaults (5/5) D:13
  Crypt (0/3) Vaults:3     Depths (0/5) D:15

Altars:
Cheibriados
Dithmenos
Elyvilon
Fedhas
Kikubaaqudgha
Makhleb
Okawaru
Ru
Xom
Yredelemnul
The Shining One

Shops:
D:4 %   D:5 [**(   D:7 *   D:9 %   Orc:2 ![?*   Vaults:2 !   Vaults:3 =

Annotations:
D:8 exclusion: downstairs
Swamp:4 lernie, Lernaean hydra
Snake:3 Mara


Innate Abilities, Weirdness & Mutations

You are resistant to torment.
Your stone body is resilient. (AC +17)
You are immune to poison.
Your large and strong wings let you fly indefinitely.
You resist negative energy. (rN+)
You are resistant to electric shocks. (rElec)
You can survive without breathing.
You are immune to petrification.
You are immune to rotting.


Message History

The tengu reaver hits you from afar with a glaive of protection!
* * * LOW HITPOINT WARNING * * *
The yaktaur completely misses your cyclops.
The ogre mage mumbles some strange words.
The ogre mage flickers and vanishes!
Deactivating autopickup; reactivate with Ctrl-A.
The yaktaur shoots a bolt.
The bolt hits your cyclops!
Your cyclops barely misses the yaktaur.
An ogre comes into view. It is wielding a giant club.
You slice the moth of wrath!! You freeze the moth of wrath!
You kill the moth of wrath!
Trog accepts your kill.
You slash the deep elf sorcerer! You freeze the deep elf sorcerer.
The yaktaur wields an uncursed arbalest.
The yaktaur shoots a bolt.
The bolt hits your cyclops!!
The deep elf sorcerer completely misses you.
The tengu reaver gestures at you while chanting.
The bolt of acid hits you! The acid corrodes you!
You are splashed with acid!
The acid burns!
You die...

##########
#........
#.*....
#.pO.## #
#)e)Q{## ##..
#.@#...##.....
#)C##ppC......
#cc###.......#
#cp# #.p.....#
#cC# .......##
#.O##.......#
#Oe##.......#
#OO#.......##
#..#.......#


You could see an ironheart preserver, a tengu reaver, a deep elf annihilator, an
ettin, a deep elf sorcerer, an ogre mage, a vault sentinel, 4 yaktaurs, 4 ogres,
a battlesphere and a friendly cyclops (berserk).

Vanquished Creatures
  An ancient lich (Vaults:5)
  Margery (Vaults:3)
  Nikola (Elf:1)
  A bone dragon (Elf:1)
  Rupert (D:13)
  Jorgrun (Vaults:3)
  2 tentacled monstrosities
  3 deep elf blademasters
  2 deep elf master archers (Elf:3)
  The ghost of empire the Tortoise, an adept MiFi of Nemelex Xobeh (Elf:1)
  A sphinx (Elf:1)
  Kirke (D:14)
  Roxanne (D:14)
  2 fire giants
  17 nagarajas
  2 orc warlords
  2 frost giants
  8 deep elf sorcerers
  13 vault wardens
  5 deep elf elementalists
  Aizul (Snake:3)
  6 stone giants
  A caustic shrike skeleton (Elf:1)
  5 ironheart preservers
  2 entropy weavers (Vaults:4)
  A very ugly thing (Vaults:4)
  4 deep elf annihilators
  7 deep elf demonologists (Elf:3)
  Azrael (Elf:1)
  Snorg (Orc:1)
  An eidolon (Elf:1)
  An ettin (Vaults:3)
  8 deep elf death magi
  A crystal guardian (Vaults:2)
  The ghost of motku515 the Fighter, a journeyman VSWz of Ashenzari (Lair:6)
  4 ice dragons
  7 yaktaur captains
  A minotaur (Lab)
  4 great orbs of eyes
  37 vault guards
  2 deep elf high priests (Elf:3)
  2 ghost crabs (Elf:1)
  2 rakshasas
  26 hydras
  5 centaur warriors
  19 naga warriors
  The ghost of Rhok the Basher, a novice TrBe of Trog (D:9)
  13 anacondas
  3 death knights
  A catoblepas (D:14)
  A juggernaut simulacrum (Elf:1)
  25 two-headed ogres
  37 dancing weapons
  3 tengu warriors
  12 alligators
  8 ogre magi
  4 orc high priests
  5 death yaks (Lair:5)
  7 shock serpents
  18 naga sharpshooters
  A storm dragon zombie (Vaults:4)
  A fire crab (Elf:1)
  24 deep elf knights
  A shadow wraith (Vaults:3)
  3 hell knights (Vaults:3)
  A death drake (Elf:1)
  3 glowing orange brains
  3 salamander mystics
  14 swamp dragons
  3 wizards
  2 shambling mangroves (Swamp:3)
  12 skeletal warriors
  2 flayed ghosts (Vaults:3)
  12 naga ritualists
  17 deep elf archers
  4 unseen horrors
  A spriggan druid (Swamp:4)
  A harpy (Vaults:3)
  18 ironbrand convokers
  2 phantasmal warriors (Vaults:4)
  2 human zombies
  4 necromancers
  2 shadow dragon skeletons
  76 deep elf magi
  27 orc knights
  6 orc sorcerers
  A fire giant zombie (Vaults:3)
  2 manticores (D:13)
  3 wolf spiders
  16 mana vipers
  9 cyclopes
  2 cyclopes (shapeshifter) (Vaults:5)
  14 salamanders
  A moth of wrath (shapeshifter) (Vaults:5)
  20 ugly things
  2 worldbinders (Elf:1)
  25 naga magi
  2 molten gargoyles (Elf:1)
  16 vault sentinels
  46 black mambas
  3 frost giant skeletons
  2 centaur zombies
  6 elephants (Lair:4)
  16 spiny frogs
  15 guardian serpents
  2 gargoyles
  8 komodo dragons
  30 yaktaurs
  A redback zombie (D:15)
  A yaktaur (shapeshifter) (Elf:2)
  4 freezing wraiths
  3 tengu conjurers
  6 polar bears
  17 trolls
  A tengu simulacrum (Elf:1)
  A tyrant leech (shapeshifter) (Elf:3)
  15 slime creatures
  A tyrant leech (Swamp:3)
  3 dream sheep (Lair:6)
  14 hornets
  9 bog bodies
  A polar bear (shapeshifter) (Vaults:2)
  A harpy skeleton (D:14)
  A stone giant simulacrum (Vaults:3)
  8 hippogriffs
  18 blink frogs
  A hippogriff (shapeshifter) (Vaults:2)
  2 ettin skeletons (Vaults:3)
  2 elf skeletons
  3 water elementals
  An air elemental (Elf:3)
  A fire bat (shapeshifter) (Vaults:4)
  A shadow (D:13)
  A tarantella (Elf:1)
  2 yaks (shapeshifter)
  4 redbacks (Elf:1)
  19 spriggans
  A human (D:14)
  3 wraiths
  23 yaks
  2 wyverns
  6 fire elementals
  A hog (D:14)
  A tarantella (shapeshifter) (Elf:1)
  A vampire (D:14)
  A human (shapeshifter) (Vaults:3)
  2 golden eyes (Elf:1)
  7 vampire mosquitoes
  3 basilisks
  11 insubstantial wisps
  A human simulacrum (Vaults:4)
  A hungry ghost (D:9)
  58 nagas
  5 wargs
  20 swamp worms
  3 acid dragons
  10 water moccasins
  A floating eye (shapeshifter) (Vaults:4)
  A soldier ant (D:13)
  A hell hound (Elf:1)
  6 porcupines
  2 black bears (shapeshifter)
  8 ice beasts
  48 orc warriors
  2 small abominations (Elf:1)
  16 swamp drakes
  5 black bears
  3 sky beasts
  37 wolves
  4 eyes of draining
  3 phantoms
  12 boggarts
  36 ogres
  6 human skeletons (Vaults:3)
  10 crocodiles
  9 centaurs
  2 elf simulacra
  2 big kobolds (D:8)
  22 bullfrogs
  2 wyvern zombies
  2 earth elementals
  7 scorpions
  A wight (D:9)
  10 killer bees
  5 howler monkeys
  9 electric eels
  2 lava snakes (Elf:1)
  6 jellies
  7 crimson imps
  28 orc priests
  14 hounds
  Crazy Yiuf (D:6)
  5 centaur skeletons
  4 bullfrog skeletons
  A gnoll shaman (Orc:2)
  5 iguanas
  19 orc wizards
  14 worker ants
  2 hound skeletons
  2 howler monkey zombies
  15 gnolls
  28 adders
  4 shadow imps
  An ooze (D:4)
  3 adder skeletons
  2 adder zombies
  2 worms
  2 dart slugs (D:1)
  10 leopard geckos
  116 orcs
  8 ball pythons
  5 bats
  10 giant cockroaches
  4 goblins
  7 hobgoblins
  20 jackals
  4 quokkas
  A ball python skeleton (D:4)
  9 frilled lizards
  A jackal skeleton (D:5)
  14 kobolds
  A leopard gecko skeleton (D:4)
  A quokka zombie (D:5)
  7 rats
  2 crawling corpses (Elf:3)
  8 fungi
  7 plants
1813 creatures vanquished.

Vanquished Creatures (collateral kills)
  Saint Roka (Snake:3)
  Vashnia (Snake:4)
  A mana viper (Snake:4)
  An ugly thing (D:9)
  A wolf spider (Lair:4)
  A cyclops (D:9)
  A guardian serpent (Snake:4)
  A spiny frog (Lair:4)
  2 nagas (Snake:4)
  A centaur (D:9)
  A hound (D:9)
  2 adders (Lair:4)
  An orc (Snake:3)
15 creatures vanquished.

Vanquished Creatures (others)
  A ghost crab (Elf:1)
  A deep elf knight (Elf:2)
  A lindwurm (Elf:1)
  4 deep elf magi
  A centaur skeleton (D:14)
  A boggart (Lair:6)
  A crocodile (Lair:6)
  15 fungi
  4 plants
  7 toadstools (D:1)
36 creatures vanquished.

Grand Total: 1864 creatures vanquished

Notes
Turn   | Place    | Note
-------+----------+-------------------------------------------
     0 | D:1      | StormFighter the Gargoyle Berserker began the quest for the Orb.
     0 | D:1      | Reached XP level 1. HP: 14/14 MP: 1/1
    71 | D:1      | Reached skill level 3 in Axes
   129 | D:1      | Reached XP level 2. HP: 11/19 MP: 2/2
   793 | D:2      | Reached XP level 3. HP: 22/23 MP: 3/3
   821 | D:2      | Found a snail-covered altar of Cheibriados.
   833 | D:2      | Reached ** piety under Trog
   846 | D:2      | Reached skill level 4 in Axes
   955 | D:2      | Reached XP level 4. HP: 21/28 MP: 4/4
  1163 | D:2      | Found a shadowy altar of Dithmenos.
  1482 | D:3      | Found an ancient bone altar of Kikubaaqudgha.
  1770 | D:3      | Reached skill level 5 in Axes
  1775 | D:3      | Reached XP level 5. HP: 28/32 MP: 5/5
  2289 | D:4      | Reached skill level 6 in Axes
  2289 | D:4      | Reached XP level 6. HP: 31/37 MP: 6/6
  2293 | D:4      | Found Bereliv's Food Boutique.
  2352 | D:4      | Found a staircase to the Ecumenical Temple.
  2519 | D:4      | Reached *** piety under Trog
  3061 | D:4      | Reached skill level 7 in Axes
  3061 | D:4      | Reached XP level 7. HP: 37/41 MP: 7/7
  3135 | D:5      | Entered Level 5 of the Dungeon
  3186 | D:5      | Found a blossoming altar of Fedhas.
  3190 | D:5      | Found a glowing golden altar of the Shining One.
  3193 | D:5      | Found an iron altar of Okawaru.
  3489 | D:5      | Reached skill level 8 in Axes
  3556 | D:5      | Reached XP level 8. HP: 29/46 MP: 8/8
  3557 | D:5      | Found a glowing drain.
  3574 | Sewer    | Entered a sewer
  3695 | Sewer    | Reached **** piety under Trog
  3852 | Sewer    | Reached skill level 9 in Axes
  3933 | D:5      | Found Ymuclock's Assorted Antiques.
  3937 | D:5      | Found Xiboferiow's Antique Armour Emporium.
  3937 | D:5      | Found Utery's Weapon Emporium.
  3938 | D:5      | Found Debaufemp's General Store.
  3941 | D:5      | Bought a bubbling black potion for 30 gold pieces
  3953 | D:5      | Bought a scroll of identify for 22 gold pieces
  4589 | D:6      | Found a runed door.
  4648 | D:6      | Reached skill level 10 in Axes
  4840 | D:6      | Found a sacrificial altar of Ru.
  5084 | D:6      | Reached XP level 9. HP: 20/51 MP: 9/9
  5487 | D:6      | Noticed Crazy Yiuf
  5501 | D:6      | Killed Crazy Yiuf
  5650 | D:7      | Found a basalt altar of Yredelemnul.
  5911 | D:7      | Got a slimy helmet
  5917 | D:7      | Identified the cursed +0 helmet of Mezcal {Str+5} (You found it on level 7 of the Dungeon)
  5938 | D:7      | Reached skill level 11 in Axes
  6111 | D:7      | Found Irphorph's General Store.
  6957 | D:8      | Found a white marble altar of Elyvilon.
  7606 | D:8      | Reached ***** piety under Trog
  7615 | D:8      | Reached skill level 5 in Fighting
  7646 | D:8      | Reached XP level 10. HP: 59/59 MP: 10/10
  8117 | D:9      | Reached skill level 12 in Axes
  8141 | D:9      | Found a burning altar of Makhleb.
  8187 | D:9      | Found a runed door.
  8187 | D:9      | Found a runed door.
  8311 | D:9      | Found Reibb's Food Shop.
  8433 | D:9      | Got a smoking helmet
  8434 | D:9      | Identified the +2 helmet "Xecvaska" {-Tele rC+ Dex+3 SInv} (You found it on level 9 of the Dungeon)
  8527 | D:9      | Reached skill level 5 in Armour
  8671 | D:9      | Noticed Rhok's ghost (novice TrBe)
  8688 | D:9      | Killed Rhok's ghost
  8846 | D:9      | Noticed an unseen horror
  8855 | D:9      | Killed an unseen horror
  9152 | D:9      | Noticed a cyclops
  9166 | D:9      | Killed a cyclops
  9169 | D:9      | Noticed a cyan ugly thing
  9172 | D:9      | Killed a cyan ugly thing
  9175 | D:9      | Noticed a cyan ugly thing
  9178 | D:9      | Killed a cyan ugly thing
  9185 | D:9      | Reached XP level 11. HP: 43/68 MP: 11/11
  9247 | D:9      | Identified Daschah's Handbook of Supportive Curses
  9251 | D:9      | Got a sparkling bone ring
  9253 | D:9      | Got a twitching turquoise ring
  9269 | D:9      | Identified the ring of Coloman {rPois rF- MP+9 Int+3} (You found it on level 9 of the Dungeon)
  9271 | D:9      | Identified the ring "Wiume" {rPois rN+ MP+9 Dex+5} (You found it on level 9 of the Dungeon)
  9438 | D:10     | Entered Level 10 of the Dungeon
  9799 | D:10     | Found a staircase to the Lair.
 10405 | D:10     | Found a shimmering altar of Xom.
 10405 | D:10     | Noticed a deep elf mage
 10411 | D:10     | Killed a deep elf mage
 10542 | Lair:1   | Entered Level 1 of the Lair of Beasts
 10928 | Lair:1   | Received a gift from Trog
 10928 | Lair:1   | Reached skill level 10 in Fighting
 11487 | Lair:1   | Reached skill level 10 in Armour
 11496 | Lair:1   | Reached XP level 12. HP: 5/78 MP: 12/12
 11867 | Lair:2   | Reached skill level 13 in Axes
 12095 | Lair:2   | Noticed a four-headed hydra
 12108 | Lair:2   | Killed a four-headed hydra
 12246 | Lair:2   | Noticed a five-headed hydra
 12256 | Lair:2   | Killed a five-headed hydra
 12300 | Lair:2   | Noticed a five-headed hydra
 12313 | Lair:2   | Killed a five-headed hydra
 12679 | Lair:3   | Noticed a six-headed hydra
 12699 | Lair:3   | Killed a seven-headed hydra
 13036 | Lair:3   | Found a staircase to the Snake Pit.
 13761 | Lair:4   | Reached skill level 14 in Axes
 14085 | Lair:4   | Reached XP level 13. HP: 76/85 MP: 13/13
 14407 | Lair:4   | Found a staircase to the Swamp.
 14637 | Lair:5   | Received a gift from Trog
 14767 | Lair:5   | Found a staircase to the Slime Pits.
 14912 | Lair:5   | Got a pitted garnet amulet
 15289 | Lair:5   | Identified the amulet of Fun {Spirit rN+ MR++ Int-3 Stlth+} (You found it on level 5 of the Lair of Beasts)
 15409 | Lair:5   | Got a twisted ring mail
 15420 | Lair:5   | Identified the +2 ring mail of the Zebra {rN+ Str-2 Stlth+} (You found it on level 5 of the Lair of Beasts)
 15517 | Lair:6   | Entered Level 6 of the Lair of Beasts
 15517 | Lair:6   | Noticed motku515's ghost (journeyman VSWz)
 15530 | Lair:6   | Killed motku515's ghost
 15530 | Lair:6   | Reached skill level 15 in Axes
 16209 | Lair:6   | Gained mutation: Your large and strong wings let you fly indefinitely. [Gargoyle growth]
 16209 | Lair:6   | Reached XP level 14. HP: 82/92 MP: 14/14
 16673 | Lair:6   | Received a gift from Trog
 17065 | D:11     | Found a labyrinth entrance.
 17069 | Lab      | Entered a labyrinth
 17208 | Lab      | Got a steaming ruby amulet
 17212 | Lab      | Got a translucent platinum ring
 17850 | D:12     | Reached skill level 16 in Axes
 17851 | D:12     | Received a gift from Trog
 17958 | D:12     | Found a staircase to the Orcish Mines.
 18595 | D:12     | Reached ****** piety under Trog
 18973 | D:13     | Found a gate to the Vaults.
 19042 | D:13     | Identified the amulet of Mutualism {RegenMP rC+ Dex+2 SInv} (You took it off a minotaur in a labyrinth)
 19043 | D:13     | Identified the ring "Nuclaecw" {rC+ Int+4} (You found it in a labyrinth)
 19066 | D:13     | Noticed Rupert
 19078 | D:13     | Killed Rupert
 19078 | D:13     | Reached XP level 15. HP: 82/100 MP: 14/15
 20219 | D:14     | Noticed Kirke
 20225 | D:14     | Killed Kirke
 20320 | D:14     | Noticed Roxanne
 20336 | D:14     | Killed Roxanne
 20336 | D:14     | Reached skill level 17 in Axes
 20337 | D:14     | Identified Roxanne's Compendium of Moulding (You took it off Roxanne on level 14 of the Dungeon)
 20742 | D:15     | Entered Level 15 of the Dungeon
 20790 | D:15     | Found a flickering gateway to a bazaar.
 20796 | Bazaar   | Entered a bazaar
 20796 | Bazaar   | Found Yleisybefa's Book Boutique.
 20809 | Bazaar   | Found Hinoso Tieki's Distillery.
 20815 | Bazaar   | Found Finug's Food Shop.
 20824 | Bazaar   | Found Cosoh's Book Shoppe.
 20857 | Bazaar   | Bought a book of Battle for 440 gold pieces
 20870 | Bazaar   | Bought a potion of resistance for 70 gold pieces
 20870 | Bazaar   | Bought a potion of heal wounds for 35 gold pieces
 20870 | Bazaar   | Bought a potion of haste for 70 gold pieces
 20870 | Bazaar   | Bought a potion of heal wounds for 35 gold pieces
 20870 | Bazaar   | Bought a potion of might for 28 gold pieces
 20870 | Bazaar   | Bought a potion of might for 28 gold pieces
 20919 | D:15     | Found a shadowy altar of Dithmenos.
 21379 | D:15     | Found a staircase to the Depths.
 21592 | Orc:1    | Entered Level 1 of the Orcish Mines
 21658 | Orc:1    | Noticed Snorg
 21674 | Orc:1    | Killed Snorg
 22178 | Orc:2    | Entered Level 2 of the Orcish Mines
 22257 | Orc:2    | Found a staircase to the Elven Halls.
 22285 | Orc:2    | Received a gift from Trog
 22295 | Orc:2    | Reached XP level 16. HP: 107/107 MP: 16/16
 22302 | Orc:2    | Reached skill level 15 in Fighting
 22313 | Orc:2    | Reached skill level 18 in Axes
 22527 | Orc:2    | Found Xuaryk's Armour Emporium.
 22527 | Orc:2    | Found Faeluq's Assorted Antiques.
 22527 | Orc:2    | Found Iweffabu's Distillery.
 22527 | Orc:2    | Found Ager's Magic Scroll Emporium.
 22536 | Orc:2    | Bought a purple potion for 27 gold pieces
 22538 | Orc:2    | Bought a scroll of blinking for 232 gold pieces
 22543 | Orc:2    | Bought a scroll of teleportation for 39 gold pieces
 22543 | Orc:2    | Bought 2 scrolls of identify for 52 gold pieces
 22543 | Orc:2    | Bought a scroll of teleportation for 39 gold pieces
 22543 | Orc:2    | Bought a scroll of identify for 26 gold pieces
 22543 | Orc:2    | Bought a scroll of identify for 26 gold pieces
 22543 | Orc:2    | Bought a scroll of identify for 26 gold pieces
 22549 | Orc:2    | Bought a potion of agility for 56 gold pieces
 22549 | Orc:2    | Bought a potion of agility for 56 gold pieces
 22549 | Orc:2    | Bought a potion of haste for 140 gold pieces
 22549 | Orc:2    | Bought a potion of might for 56 gold pieces
 22549 | Orc:2    | Bought a potion of cancellation for 112 gold pieces
 22626 | Orc:2    | Reached skill level 15 in Armour
 22920 | Elf:1    | Entered Level 1 of the Elven Halls
 22929 | Elf:1    | Received a gift from Trog
 23158 | Elf:1    | Noticed Azrael
 23183 | Elf:1    | Killed Azrael
 23699 | Snake:1  | Entered Level 1 of the Snake Pit
 24123 | Snake:1  | Received a gift from Trog
 25287 | Snake:2  | Noticed a nagaraja
 25300 | Snake:2  | Killed a nagaraja
 25313 | Snake:2  | Reached XP level 17. HP: 86/115 MP: 17/17
 25545 | Snake:2  | Reached skill level 19 in Axes
 25597 | Snake:2  | Received a gift from Trog
 25985 | Snake:3  | Noticed Aizul
 25996 | Snake:3  | Killed Aizul
 26249 | Snake:3  | Found a glowing golden altar of the Shining One.
 26617 | Snake:3  | Noticed Saint Roka
 26654 | Snake:3  | Killed Saint Roka
 26904 | Snake:3  | Received a gift from Trog
 27235 | Snake:4  | Entered Level 4 of the Snake Pit
 27271 | Snake:4  | Noticed Vashnia
 27313 | Snake:4  | Killed Vashnia
 27483 | Snake:4  | Noticed Mara
 27602 | Snake:3  | Reached XP level 18. HP: 122/122 MP: 18/18
 27714 | Snake:4  | Noticed StormFighter's illusion
 27928 | Snake:4  | Reached skill level 20 in Axes
 27935 | Snake:4  | Noticed StormFighter's illusion
 28164 | Snake:4  | Noticed StormFighter's illusion
 28630 | Snake:4  | Noticed StormFighter's illusion
 28650 | Snake:3  | Noticed StormFighter's illusion
 29249 | Snake:4  | Received a gift from Trog
 30206 | Snake:4  | Received a gift from Trog
 30363 | Snake:4  | Got a serpentine rune of Zot
 30768 | Swamp:1  | Entered Level 1 of the Swamp
 30945 | Swamp:1  | Reached XP level 19. HP: 127/129 MP: 19/19
 31489 | Swamp:2  | Noticed a tentacled monstrosity
 31499 | Swamp:2  | Killed a tentacled monstrosity
 31576 | Swamp:2  | Received a gift from Trog
 31576 | Swamp:2  | Reached skill level 21 in Axes
 32362 | Swamp:3  | Got a heavily runed crystal amulet
 32910 | Swamp:4  | Entered Level 4 of the Swamp
 33254 | Swamp:4  | Received a gift from Trog
 33324 | Swamp:4  | Noticed the 27-headed Lernaean hydra
 33513 | Swamp:4  | Identified the amulet "Limnac" {+Rage MR+ Str+4} (You found it on level 3 of the Swamp)
 33621 | Swamp:4  | Got a decaying rune of Zot
 34097 | Elf:1    | Identified the Incunabulum of Heat
 34222 | Elf:1    | Noticed a bone dragon
 34239 | Elf:1    | Killed a bone dragon
 34239 | Elf:1    | Reached skill level 5 in Dodging
 34301 | Elf:1    | Identified the Almanac of Sinister Arts
 34469 | Elf:1    | Received a gift from Trog
 34488 | Elf:1    | Noticed empire's ghost (adept MiFi)
 34530 | Elf:1    | Killed empire's ghost
 34828 | Elf:1    | Reached XP level 20. HP: 137/137 MP: 20/20
 34857 | Elf:1    | Identified the Guide on Creation
 34959 | Elf:1    | Identified the Papyrus of Poisoning
 35054 | Elf:1    | Identified the Reference Book on Blows and Bruises
 35289 | Elf:1    | Noticed Nikola
 35307 | Elf:1    | Killed Nikola
 35454 | Elf:1    | Reached skill level 22 in Axes
 35469 | Elf:1    | Received a gift from Trog
 35491 | Elf:1    | Identified Sif Muna's Catalogue of Bewitchment
 36100 | Elf:2    | Received a gift from Trog
 37004 | Elf:2    | Found a runed gate.
 37004 | Elf:2    | Found a runed gate.
 37004 | Elf:2    | Found a runed gate.
 37422 | Elf:3    | Entered Level 3 of the Elven Halls
 37463 | Elf:3    | Received a gift from Trog
 37993 | Elf:3    | Reached XP level 21. HP: 144/144 MP: 21/21
 38710 | Elf:3    | Received a gift from Trog
 38782 | Elf:3    | Reached skill level 23 in Axes
 38828 | Elf:3    | Identified Sif Muna's Tome of Quantum Companions
 38861 | Elf:3    | Identified the Catalogue of Evil Ignition
 38959 | Elf:3    | Identified the Compendium of Ethics
 39043 | Elf:3    | Got an ancient wooden ring
 39795 | Elf:2    | Received a gift from Trog
 40261 | Vaults:1 | Entered Level 1 of the Vaults
 40647 | Vaults:1 | Identified the ring of Qihuyprut {rN+ Str+5 Int+3 Slay-4} (You took it off a deep elf master archer on level 3 of the Elven Halls)
 40653 | Vaults:1 | Got a pair of pitted gloves
 40654 | Vaults:1 | Identified the +0 pair of gloves of the Realm of Zot {rElec MR+} (You found it on level 1 of the Vaults)
 41201 | Vaults:1 | Reached XP level 22. HP: 152/152 MP: 22/22
 41638 | Vaults:2 | Found Pezel's Distillery.
 41661 | Vaults:2 | Bought a potion of haste for 120 gold pieces
 41829 | Vaults:2 | Received a gift from Trog
 42044 | Vaults:2 | Identified a scroll of acquirement
 42046 | Vaults:2 | Got a jewelled helmet
 42047 | Vaults:2 | Identified the +0 helmet of Dithmenos's Wrath {rC+ Dex+5} (You acquired it on level 2 of the Vaults)
 42772 | Vaults:3 | Noticed Margery
 42788 | Vaults:3 | Killed Margery
 42788 | Vaults:3 | Reached skill level 10 in Dodging
 42792 | Vaults:3 | Reached skill level 24 in Axes
 42830 | Vaults:3 | Received a gift from Trog
 43407 | Vaults:3 | Found Zifituof's Jewellery Boutique.
 43590 | Vaults:3 | Found a staircase to the Crypt.
 43924 | Vaults:3 | Got a slimy platinum ring
 43961 | Vaults:3 | Received a gift from Trog
 44004 | Vaults:3 | Identified the ring "Sailelaw" {Ice Str+4} (You found it on level 3 of the Vaults)
 44005 | Vaults:3 | Identified the +8 battleaxe of Jonnuemana {holy, *Drain rN+ Int+2 Stlth+} (Trog gifted it to you on level 3 of the Vaults)
 44090 | Vaults:3 | Reached XP level 23. HP: 154/159 MP: 23/23
 44172 | Vaults:3 | Noticed Jorgrun
 44179 | Vaults:3 | Killed Jorgrun
 44342 | Vaults:3 | Got a jewelled broad axe
 44344 | Vaults:3 | Identified the cursed +3 broad axe of Circular Logic {chop, *Drain Fragile SInv Stlth+} (You found it on level 3 of the Vaults)
 44477 | Vaults:4 | Found a flickering gateway to a bazaar.
 44482 | Bazaar   | Entered a bazaar
 44484 | Bazaar   | Found Sissu's Antique Armour Boutique.
 44488 | Bazaar   | Bought a runed cloak for 135 gold pieces
 44488 | Bazaar   | Found Giruin's General Store.
 44488 | Bazaar   | Found Anwopna's Jewellery Boutique.
 44488 | Bazaar   | Found Orissoesch's Armour Boutique.
 44498 | Bazaar   | Bought a scroll of enchant armour for 90 gold pieces
 44503 | Bazaar   | Bought the amulet of Vitality {Regen+ HP+15} for 869 gold pieces
 44533 | Bazaar   | Bought a +1 pair of boots for 207 gold pieces
 45052 | Vaults:4 | Received a gift from Trog
 45738 | Vaults:5 | Entered Level 5 of the Vaults
 45944 | Vaults:5 | Paralysed by a floating eye for 3 turns
 45970 | Vaults:5 | Received a gift from Trog
 45980 | Vaults:5 | Noticed an ancient lich
 45987 | Vaults:5 | Killed an ancient lich
 45990 | Vaults:5 | HP: 4/160 [tengu reaver/glaive of protection (11)]
 45991 | Vaults:5 | Splashed by a tengu reaver's acid

Skill      XL: |  1  2  3  4  5  6  7  8  9 10 11 12 13 14 15 16 17 18 19 20 21 22 23 |
---------------+----------------------------------------------------------------------+-----
Axes           | 3 4 5 6 7 8 10 11 12 14 15 16 17 18 19 20 21 22 23 24 | 24.7
Fighting       | 5 7 10 11 12 14 15 16 17 18 19 20 21 | 21.3
Armour         | 4 7 10 11 12 13 14 15 16 17 | 17.9
Dodging        | 2 5 7 9 10 11 | 11.4

Action                   |  1- 3 |  4- 6 |  7- 9 | 10-12 | 13-15 | 16-18 | 19-21 | 22-24 || total
-------------------------+-------+-------+-------+-------+-------+-------+-------+-------++-------
Melee: Hand axe          |    46 |       |       |       |       |       |       |       ||    46
       War axe           |    56 |   223 |   551 |   412 |       |       |       |       ||  1242
       Executioner's axe |       |       |       |   140 |   820 |   951 |  1225 |   726 ||  3862
       Morningstar       |       |       |       |    31 |    41 |       |    30 |       ||   102
Invok: Berserk           |       |     1 |     2 |    12 |    17 |    11 |     6 |     1 ||    50
       Brothers in Arms  |       |       |       |     2 |     1 |     4 |       |     1 ||     8
       Trog's Hand       |       |       |       |     1 |       |     4 |     2 |     2 ||     9
 Abil: Fly               |       |       |       |       |       |     1 |       |       ||     1
       Stop Flying       |       |       |       |       |       |       |       |     1 ||     1
Evoke: Wand              |       |       |       |       |     1 |     4 |     2 |       ||     7
  Use: Scroll            |       |     6 |       |     5 |    26 |     9 |    10 |    10 ||    66
 Stab: Distracted        |       |       |       |       |       |     1 |     3 |       ||     4
  Eat: Chunk             |       |     8 |    18 |    22 |    30 |    13 |    29 |    13 ||   133
       Fruit             |       |       |       |     8 |     5 |     1 |       |    10 ||    24
       Royal jelly       |       |       |       |     1 |     2 |     7 |     4 |     1 ||    15
       Meat ration       |       |       |       |     1 |     1 |     3 |     1 |       ||     6
Armor: Animal skin       |     6 |       |       |       |       |       |       |       ||     6
       Chain mail        |    75 |   153 |   356 |    98 |       |       |       |       ||   682
       Plate armour      |       |       |       |   318 |   774 |   988 |  1198 |   491 ||  3769
Dodge: Dodged            |    52 |    98 |   277 |   440 |   663 |   733 |   964 |   451 ||  3678
Block: Other             |       |       |       |       |     7 |       |       |       ||     7
